 Dungeon Crawl Stone Soup version 0.21-a0-538-gd16b88a (webtiles) character file.

91 mortelune the Firebug (level 4, -2/24 HPs)
             Began as a Deep Elf Fire Elementalist on Dec 15, 2017.
             Slain by Terence
             ... wielding a +0 short sword
              (5 damage)
             ... on level 1 of the Dungeon.
             The game lasted 00:07:38 (2146 turns).

mortelune the Firebug (Deep Elf Fire Elementalist)  Turns: 2146, Time: 00:07:38

Health: -2/24      AC:  3    Str:  5    XL:     4   Next: 33%
Magic:  7/12       EV: 12    Int: 21    God:
Gold:   67         SH:  0    Dex: 15    Spells: 5/11 levels left

rFire    . . .     SeeInvis .   j - +0 short sword
rCold    . . .     Gourm    .   (no shield)
rNeg     . . .     Faith    .   a - +0 robe
rPois    .         Spirit   .   (no helmet)
rElec    .         Reflect  .   m - +0 cloak (curse)
rCorr    .         Harm     .   (no gloves)
MR       .....                  (no boots)
Stlth    ++........             (no amulet)
HPRegen  0.08/turn              (no ring)
MPRegen  0.13/turn              (no ring)

@: heavily drained
A: no striking features
a: no special abilities


You were on level 1 of the Dungeon.
You were not hungry.

You visited 1 branch of the dungeon, and saw 2 of its levels.

You collected 67 gold pieces.

Inventory:

Hand Weapons
 g - a +0 club
 j - a +0 short sword (weapon)
Armour
 a - a +0 robe (worn)
 m - a cursed +0 cloak (worn)
Scrolls
 d - a scroll of noise
 e - a scroll of identify
 f - a scroll of enchant weapon {unknown}
 h - a scroll of enchant armour {unknown}
 i - a scroll of teleportation {unknown}
 k - a scroll of fear {unknown}
Potions
 l - a potion of lignification {unknown}
Books
 b - a book of Flames

   Spells                             Type                      Level
   a - Flame Tongue                   Conjuration/Fire             1
   b - Throw Flame                    Conjuration/Fire             2
   c - Conjure Flame                  Conjuration/Fire             3
   d - Inner Flame                    Hexes/Fire                   3
   e - Sticky Flame                   Conjuration/Fire             4
   f - Fireball                       Conjuration/Fire             5
Comestibles
 c - 2 bread rations


   Skills:
 - Level 2.4(1.2) Dodging
 - Level 2.4(1.2) Stealth
 + Level 4.0(2.8) Spellcasting
 * Level 3.3(2.1) Conjurations
 + Level 4.0(2.8) Fire Magic


You had 5 spell levels left.
You knew the following spells:

 Your Spells              Type           Power        Failure   Level  Hunger
a - Flame Tongue          Conj/Fire      ##...        4%          1    None
b - Throw Flame           Conj/Fire      ##....       8%          2    ##.....
c - Conjure Flame         Conj/Fire      ##......     14%         3    ###....


Dungeon Overview and Level Annotations

Branches:
Dungeon (2/15)

Altars:

Annotations:
D:1 Terence
D:2 Sigmund


Message History

Aiming: Flame Tongue
Press: ? - help, Shift-Dir - straight line, f/p - Terence
Aim: Terence, wielding a short sword and wearing a chain mail (heavily wounded)
The flame tongue hits Terence.
Terence is severely wounded.
Terence hits you but does no damage.
Casting: Flame Tongue
Confirm with . or Enter, or press ? or * to list all spells.
Aiming: Flame Tongue
Press: ? - help, Shift-Dir - straight line, f/p - Terence
Aim: Terence, wielding a short sword and wearing a chain mail (severely wounded)
The flame tongue hits Terence.
Terence is almost dead.
Terence hits you with a short sword!
* * * LOW HITPOINT WARNING * * *
Terence bares his teeth.
Terence shouts, "DIE!!!"
Terence screams, "I want your blood!" Terence hits you with a short sword.
You die...

#...........................#.
#...........................#.
#................####.....#.#.
#................###......#.#.
##.................)..#.......
##.....##.....#####..#...#.#.
#########.....##....รท.....##
##..@..........)#..##
#...@......###..#....
#...........)...##.#.
#.....).....##..##.#.
###.......##....#....#.
#.................#####
#.#................####
#.#...................>
#.#..........>.........
#.####..##........#####


You could see Terence.

Vanquished Creatures
  3 adders (D:2)
  An ooze (D:2)
  2 worms (D:2)
  A dart slug (D:1)
  3 leopard geckos (D:1)
  4 ball pythons
  6 bats
  3 giant cockroaches (D:1)
  4 goblins
  6 hobgoblins
  6 jackals (D:1)
  4 frilled lizards
  3 kobolds
  A rat (D:1)
47 creatures vanquished.

Notes
Turn   | Place    | Note
-------+----------+-------------------------------------------
     0 | D:1      | mortelune the Deep Elf Fire Elementalist began the quest for the Orb.
     0 | D:1      | Reached XP level 1. HP: 10/10 MP: 6/6
   234 | D:1      | Reached XP level 2. HP: 15/15 MP: 0/8
   303 | D:1      | Learned a level 2 spell: Throw Flame
   612 | D:1      | Reached XP level 3. HP: 19/19 MP: 5/10
   617 | D:1      | Learned a level 3 spell: Conjure Flame
  1614 | D:2      | Reached XP level 4. HP: 17/24 MP: 0/11
  1762 | D:2      | Noticed Sigmund
  2085 | D:2      | Noticed Terence
  2123 | D:1      | HP: 1/24 [Terence/short sword (7)]
  2146 | D:1      | Slain by Terence

Vault maps used:
D:1:      eino_arrival_druids_welcome
D:2:      kennysheep_the_goblin_king, uniq_terence, uniq_sigmund

Skill      XL: |  1  2  3  4 |
---------------+-------------+-----
Conjurations   | 2 3 |  3.3
Fire Magic     | 4 |  4.0
Spellcasting   | 4 |  4.0
Dodging        | |  2.4
Stealth        | |  2.4

Action                   |  1- 3 |  4- 6 || total
-------------------------+-------+-------++-------
Melee: Short sword       |     3 |       ||     3
 Cast: Flame Tongue      |    57 |    20 ||    77
       Throw Flame       |    20 |     8 ||    28
       Conjure Flame     |     2 |       ||     2
  Use: Scroll            |     1 |       ||     1
  Eat: Chunk             |     3 |     2 ||     5
Armor: Robe              |     3 |     2 ||     5
Dodge: Dodged            |     9 |     6 ||    15

Table legend:
 A = Spawn XP
 B = Non-spawn XP
 C = Spawn XP percentage of total XP
 D = Spawn monster count
 E = Non-spawn monster count
 F = Spawn count percentage of total count
 G = Total turns spent on level
                    A         B        C        D         E        F      G
               +---------+---------+-------+---------+---------+-------+---------
         Total |       0 |     130 |   0.0 |       0 |      47 |   0.0 |  2146
               +---------+---------+-------+---------+---------+-------+---------
           D:1 |       0 |      59 |   0.0 |       0 |      30 |   0.0 |  1224
           D:2 |       0 |      71 |   0.0 |       0 |      17 |   0.0 |   922
               +---------+---------+-------+---------+---------+-------+---------
